 Dungeon Crawl Stone Soup version 0.25.1-9-gc5326a611f (webtiles) character file.

Game seed: 16067753999808232547

60 pokeman the Magician (level 3, 0/20 HPs)
             Began as a Deep Elf Wizard on Dec 27, 2020.
             Succumbed to a worker ant's poison
             ... on level 1 of the Dungeon.
             The game lasted 00:03:25 (2524 turns).

pokeman the Magician (Deep Elf Wizard)              Turns: 2524, Time: 00:03:25

Health: 0/20       AC:  3    Str:  4    XL:     3   Next: 80%
Magic:  8/12       EV: 11    Int: 23    God:
Gold:   70         SH:  0    Dex: 13    Spells: 2/13 levels left

rFire    . . .     SeeInvis .   (no weapon)
rCold    . . .     Gourm    .   (no shield)
rNeg     . . .     Faith    .   e - +0 leather armour
rPois    .         Spirit   .   b - +0 hat
rElec    .         Reflect  .   (no cloak)
rCorr    .         Harm     .   (no gloves)
MR       .....                  (no boots)
Stlth    ++........             (no amulet)
HPRegen  0.06/turn              (no ring)
MPRegen  0.13/turn              (no ring)

@: lethally poisoned (0 -> -8)
A: no striking features
a: no special abilities


You were on level 1 of the Dungeon.
You were not hungry.

You visited 1 branch of the dungeon, and saw 2 of its levels.

You collected 70 gold pieces.

Inventory:

Missiles
 c - 45 arrows
Armour
 b - a +0 hat (worn)
 e - a +0 leather armour (worn)
Scrolls
 a - a scroll of remove curse {unknown}
 f - a scroll of magic mapping {unknown}
 g - a scroll of amnesia {unknown}
 h - 2 scrolls of teleportation {unknown}
 i - 2 scrolls of fog {unknown}
 k - a scroll of identify {unknown}
Comestibles
 d - 2 rations


   Skills:
 + Level 0.8 Fighting
 + Level 0.9 Armour
 - Level 2.4 Dodging
 - Level 2.4 Stealth
 * Level 5.7 Spellcasting
 + Level 1.8 Conjurations
 - Level 1.1 Summonings
 - Level 1.1 Translocations


You had 2 spell levels left.
You knew the following spells:

 Your Spells              Type           Power        Failure   Level  Hunger
a - Magic Dart            Conj           ##..         7%          1    None
b - Mephitic Cloud        Conj/Pois/Air  #.......     34%         3    #......
c - Call Imp              Summ           ##......     14%         2    None
d - Blink                 Tloc           N/A          14%         2    None
e - Conjure Flame         Conj/Fire      ##......     30%         3    #......

Your spell library contained the following spells:

 Spells                   Type           Power        Failure   Level  Hunger
 Slow                     Hex            #.......     22%         2    None


Dungeon Overview and Level Annotations

Branches:
Dungeon (2/15)

Altars:
Okawaru


Message History

You feel sick. Something bites your crimson imp.
Your crimson imp is poisoned.
Something poisons your crimson imp!
* * * LOW HITPOINT WARNING * * *
You feel sick.
There is an escape hatch in the ceiling here.
Something bites your crimson imp. A mysterious force pulls you upwards.
The hatch slams shut behind you.
Your summoned ally is left behind.
* * * LOW HITPOINT WARNING * * *
You feel sick.
You aren't carrying any potions.
Unknown command.
There is a lethal amount of poison in your body!
There is a lethal amount of poison in your body!
* * * LOW HITPOINT WARNING * * *
You feel sick.
* * * LOW HITPOINT WARNING * * *
You feel sick.
You die...

#....#.. #.#.##.. #.#..#.)
######### #.......
###.......##### #......#
###.............### #.###...
#.................## #.#
##.. ......####.........##
#.# ##.
....########....@...##
#.#####.
...###....####.......#
#.......
..##........###).....##
#.######
.###...###...##.......# #.#
.##...###+#..###......## #.#
.##..##<.###..##.......# #.#
.###..##.###..###......# #.#
..##.....##...###......###.#
...#######....##........##.#


There were no monsters in sight!

Vanquished Creatures
  An adder (D:2)
  2 oozes (D:1)
  A worm (D:2)
  A dart slug (D:1)
  A ball python (D:2)
  5 bats (D:1)
  3 giant cockroaches (D:1)
  4 goblins (D:1)
  5 hobgoblins
  7 kobolds
  A quokka (D:2)
  5 rats
36 creatures vanquished.

Notes
Turn   | Place    | Note
-------+----------+-------------------------------------------
     0 | D:1      | pokeman the Deep Elf Wizard began the quest for the Orb.
     0 | D:1      | Reached XP level 1. HP: 10/10 MP: 7/7
   311 | D:1      | Reached skill level 5 in Spellcasting
   323 | D:1      | Reached XP level 2. HP: 15/15 MP: 7/10
   569 | D:1      | Found an iron altar of Okawaru.
  1102 | D:1      | Reached XP level 3. HP: 20/20 MP: 5/11
  1107 | D:1      | Learned a level 3 spell: Mephitic Cloud
  1110 | D:1      | Learned a level 2 spell: Call Imp
  1113 | D:1      | Learned a level 2 spell: Blink
  1117 | D:1      | Learned a level 3 spell: Conjure Flame
  2084 | D:2      | HP: 1/20 [worm (10)]
  2523 | D:1      | HP: 1/20 [poisoned by a worker ant]
  2524 | D:1      | Succumbed to a worker ant's poison

Illustrated notes

Levels and vault maps discovered:
D:1:      dpeg_arrival_snail, layout_basic, okawaru_ov_weapons_minmay
D:2:      layout_basic

Skill      XL: |  1 |
---------------+----+-----
Spellcasting   | 5 |  5.7
Fighting       | |  0.8
Armour         | |  0.9
Dodging        | |  2.4
Stealth        | |  2.4
Conjurations   | |  1.8
Summonings     | |  1.1
Translocations | |  1.1

Action                   || total
-------------------------++-------
Melee: Unarmed           ||     9
 Cast: Magic Dart        ||   125
       Call Imp          ||     1
  Eat: Chunk             ||     5
Armor: Leather armour    ||     8
Dodge: Dodged            ||    25
